 Dungeon Crawl Stone Soup version 0.21.1-1-g345015f (webtiles) character file.

72 letownia2 the Charmwright (level 4, -1/38 HPs)
             Began as a Gnoll Skald on Feb 27, 2018.
             Slain by a worm (9 damage)
             ... on level 3 of the Dungeon.
             The game lasted 00:03:07 (330 turns).

letownia2 the Charmwright (Gnoll Skald)              Turns: 330, Time: 00:03:07

Health: -1/38      AC:  3    Str: 13    XL:     4   Next: 25%
Magic:  4/11       EV: 14    Int: 17    God:
Gold:   74         SH:  0    Dex: 14    Spells: 8/13 levels left

rFire    . . .     SeeInvis .   a - +0 spear
rCold    . . .     Gourm    .   (no shield)
rNeg     . . .     Faith    .   b - +0 leather armour
rPois    .         Spirit   .   (no helmet)
rElec    .         Reflect  .   (no cloak)
rCorr    .         Harm     .   (no gloves)
MR       .....     Rnd*Tele +   (no boots)
Stlth    +.........             (no amulet)
HPRegen  0.12/turn              k - ring of teleportation (curse)
MPRegen  0.12/turn              (no ring)

@: singing (expiring)
A: distributed training, fangs 1, strong nose
a: no special abilities


You were on level 3 of the Dungeon.
You were not hungry.

You visited 1 branch of the dungeon, and saw 4 of its levels.

You collected 74 gold pieces.

Inventory:

Hand Weapons
 a - a +0 spear (weapon)
 h - a +1 dagger of draining
 i - a +0 hunting sling
 l - a +1 short sword of speed
 m - a cursed -3 mace
Armour
 b - a +0 leather armour (worn)
Jewellery
 k - a cursed ring of teleportation (left hand)
Scrolls
 e - a scroll of blinking {unknown}
 f - a scroll of enchant armour {unknown}
 g - 2 scrolls of amnesia {unknown}
 j - a scroll of teleportation {unknown}
Books
 c - a book of Battle

   Spells                             Type                      Level
   a - Infusion                       Charms                       1
   b - Shroud of Golubria             Charms/Translocation         2
   c - Song of Slaying                Charms                       2
   d - Spectral Weapon                Hexes/Charms                 3
   e - Regeneration                   Charms/Necromancy            3
Comestibles
 d - 2 rations


   Skills:
 + Level 4.6 Fighting
 + Level 1.0 Short Blades
 + Level 1.0 Long Blades
 + Level 1.0 Axes
 + Level 1.0 Maces & Flails
 + Level 4.6 Polearms
 + Level 1.0 Staves
 + Level 1.0 Slings
 + Level 1.0 Bows
 + Level 1.0 Crossbows
 + Level 1.0 Throwing
 + Level 2.7 Armour
 + Level 4.6 Dodging
 + Level 1.0 Stealth
 + Level 1.0 Shields
 + Level 1.0 Unarmed Combat
 + Level 5.0 Spellcasting
 + Level 0.8 Conjurations
 + Level 0.8 Hexes
 + Level 5.4 Charms
 + Level 0.8 Summonings
 + Level 0.8 Necromancy
 + Level 0.8 Translocations
 + Level 0.8 Transmutations
 + Level 0.8 Fire Magic
 + Level 0.8 Ice Magic
 + Level 0.8 Air Magic
 + Level 0.8 Earth Magic
 + Level 0.8 Poison Magic
 + Level 1.1 Invocations
 + Level 1.0 Evocations


You had 8 spell levels left.
You knew the following spells:

 Your Spells              Type           Power        Failure   Level  Hunger
a - Infusion              Chrm           ###.         1%          1    None
l - Song of Slaying       Chrm           ###.....     2%          2    #......
t - Shroud of Golubria    Chrm/Tloc      ###.......   8%          2    #......


Dungeon Overview and Level Annotations

Branches:
Dungeon (4/15)
 Temple: D:4-7

Altars:

Annotations:
D:3 Natasha


Innate Abilities, Weirdness & Mutations

Your experience applies equally to all skills.
You have very sharp teeth.
Your uncanny sense of smell can sniff out nearby items.


Message History

Aim: a gnoll (lightly wounded)
You puncture the gnoll!
The gnoll is severely wounded.
The worm misses you. The gnoll misses you.
Unknown command.
Unknown command.
Attack whom?
Press: ? - help, Dir - move target cursor, f/p - gnoll
Aim: a gnoll (severely wounded)
You puncture the gnoll!
You kill the gnoll!
Unknown command.
Unknown command.
Attack whom?
Press: ? - help, Dir - move target cursor, f - worm
Aim: a worm You puncture the worm!
The worm is heavily wounded.
The worm bites you!
You die...

....).b........
...##.......... .
...###.#.#..### ..#. .#
##....## ....#. ..
#.<###### ... # #######
##......### ..∆
##.....######........
...#...†...#.((.........
......(@...(####........
....♣...w.♣.# #########
# #.........#
......♣.♣..##
###.......## ##.....##
##...# #####


You could see a worm.

Vanquished Creatures
  A worker ant (D:4)
  A gnoll (D:3)
  An adder (D:3)
  4 orcs (D:2)
  A giant cockroach (D:2)
  4 goblins (D:2)
  2 hobgoblins
  4 jackals (D:3)
  A kobold (D:3)
  2 quokkas (D:2)
  3 rats
24 creatures vanquished.

Notes
Turn   | Place    | Note
-------+----------+-------------------------------------------
     0 | D:1      | letownia2 the Gnoll Skald began the quest for the Orb.
     0 | D:1      | Reached XP level 1. HP: 20/20 MP: 6/6
   126 | D:2      | Reached XP level 2. HP: 16/26 MP: 0/7
   163 | D:2      | Learned a level 2 spell: Song of Slaying
   166 | D:2      | Learned a level 2 spell: Shroud of Golubria
   217 | D:3      | Noticed Natasha
   297 | D:3      | Reached XP level 3. HP: 17/31 MP: 3/9
   300 | D:3      | Reached skill level 5 in Spellcasting
   324 | D:4      | Reached skill level 1 in Short Blades
   324 | D:4      | Reached skill level 1 in Long Blades
   324 | D:4      | Reached skill level 1 in Axes
   324 | D:4      | Reached skill level 1 in Maces & Flails
   324 | D:4      | Reached skill level 1 in Staves
   324 | D:4      | Reached skill level 1 in Slings
   324 | D:4      | Reached skill level 1 in Bows
   324 | D:4      | Reached skill level 1 in Crossbows
   324 | D:4      | Reached skill level 1 in Throwing
   324 | D:4      | Reached skill level 1 in Stealth
   324 | D:4      | Reached skill level 1 in Shields
   324 | D:4      | Reached skill level 1 in Unarmed Combat
   324 | D:4      | Reached skill level 1 in Invocations
   324 | D:4      | Reached skill level 1 in Evocations
   324 | D:4      | Reached XP level 4. HP: 14/38 MP: 4/11
   330 | D:3      | Slain by a worm

Skill      XL: |  1  2  3 |
---------------+----------+-----
Spellcasting   | 5 |  5.0
Short Blades   | 1 |  1.0
Long Blades    | 1 |  1.0
Axes           | 1 |  1.0
Maces & Flails | 1 |  1.0
Staves         | 1 |  1.0
Slings         | 1 |  1.0
Bows           | 1 |  1.0
Crossbows      | 1 |  1.0
Throwing       | 1 |  1.0
Stealth        | 1 |  1.0
Shields        | 1 |  1.0
Unarmed Combat | 1 |  1.0
Invocations    | 1 |  1.1
Evocations     | 1 |  1.0
Fighting       | |  4.6
Polearms       | |  4.6
Armour         | |  2.7
Dodging        | |  4.6
Conjurations   | |  0.8
Hexes          | |  0.8
Charms         | |  5.4
Summonings     | |  0.8
Necromancy     | |  0.8
Translocations | |  0.8
Transmutations | |  0.8
Fire Magic     | |  0.8
Ice Magic      | |  0.8
Air Magic      | |  0.8
Earth Magic    | |  0.8
Poison Magic   | |  0.8

Action                   |  1- 3 |  4- 6 || total
-------------------------+-------+-------++-------
Melee: Spear             |    69 |     4 ||    73
       Bite              |     9 |     1 ||    10
 Cast: Infusion          |     2 |       ||     2
       Shroud of Golubri |     4 |       ||     4
       Song of Slaying   |     2 |       ||     2
 Stab: Sleeping          |     1 |       ||     1
Armor: Leather armour    |    11 |       ||    11
Dodge: Dodged            |    32 |     4 ||    36
